 Dungeon Crawl Stone Soup version 0.30-a0-862-g1aabd4f (webtiles) character file.

Game seed: 10849695549437049185

1389 Dorkslayer the Trooper (level 8, -2/71 HPs)
             Began as a Hill Orc Fighter on Mar 8, 2023.
             Slain by a wyvern (15 damage)
             ... on level 6 of the Dungeon.
             The game lasted 00:14:18 (4792 turns).

Dorkslayer the Trooper (Hill Orc Fighter)           Turns: 4792, Time: 00:14:19

Health: -2/71      AC: 11    Str: 21    XL:     8   Next: 68%
Magic:  8/8        EV: 11    Int:  8    God:
Gold:   278        SH:  4    Dex: 10    Spells: 7/7 levels left

rFire   + + .      SeeInvis .    A - +4 hand axe (freeze)
rCold   . . .      Faith    .    c - +0 buckler
rNeg    . . .      Spirit   .    e - +3 ring mail {rF+}
rPois   .          Reflect  .    d - +0 helmet
rElec   .          Rampage  .    (no cloak)
rCorr   .                        k - +0 pair of gloves
Will    +....                    (no boots) Stlth
                                 (no amulet)
HPRegen 0.31/turn                i - ring of protection from fire
MPRegen 0.11/turn                b - ring of willpower

@: no status effects
A: no striking features
a: no special abilities


You were on level 6 of the Dungeon.
You visited 1 branch of the dungeon, and saw 7 of its levels.

You collected 278 gold pieces.

Inventory:

Hand Weapons
 a - a +0 war axe
 A - a +4 hand axe of freezing (weapon)
Missiles
 y - 5 boomerangs (quivered)
 z - 4 javelins
Armour
 c - a +0 buckler (worn)
 d - a +0 helmet (worn)
 e - a +3 ring mail of fire resistance (worn)
 k - a +0 pair of gloves (worn)
Jewellery
 b - a ring of willpower (right hand)
 i - a ring of protection from fire (left hand)
Wands
 o - a wand of charming (4)
Scrolls
 h - 3 scrolls of immolation
 j - 2 scrolls of enchant weapon {unknown}
 l - 2 scrolls of fog {unknown}
 m - 3 scrolls of teleportation
 n - a scroll of magic mapping
 q - 4 scrolls of poison {unknown}
 t - a scroll of vulnerability {unknown}
 v - a scroll of blinking {unknown}
 w - 2 scrolls of amnesia {unknown}
Potions
 f - 2 potions of resistance
 g - 3 potions of attraction
 r - 2 potions of flight
 s - a potion of lignification
 x - a potion of brilliance {unknown}


   Skills:
 * Level 6.3 Fighting
 * Level 6.2 Axes
 * Level 2.3 Throwing
 * Level 5.8 Armour
 * Level 3.3 Dodging
 + Level 4.6 Shields
 * Level 3.3 Evocations


You had 7 spell levels left.
You didn't know any spells.
Your spell library contained the following spells:

 Spells                   Type           Power      Damage    Failure   Level
 Inner Flame              Hex/Fire       0%         N/A       95%         3
 Cause Fear               Hex            0%         N/A       100%        4
 Discord                  Hex            0%         N/A       100%        8


Dungeon Overview and Level Annotations

Branches:
Dungeon (7/15)
 Temple: D:4-7

Altars:
Fedhas
Qazlal
Vehumet
Xom
The Shining One

Shops:
D:2 (


Message History

Unknown command.
You closely miss the orc wizard.
The orc wizard is severely wounded.
You hit the wyvern but do no damage. You closely miss the ice beast.
The wyvern bites you!
* * * LOW HITPOINT WARNING * * *
The orc wizard closely misses you.
The ice beast hits you but does no damage.
The wyvern bites you.
* * * LOW HITPOINT WARNING * * *
You feel much better. The wyvern bites you.
The orc wizard hits you with a +0 dagger.
* * * LOW HITPOINT WARNING * * *
The ice beast hits you but does no damage.
You bump into the rock wall.
The wyvern barely misses you. The orc wizard closely misses you.
The ice beast hits you.
* * * LOW HITPOINT WARNING * * *
The ice beast freezes you!
* * * LOW HITPOINT WARNING * * *
The wyvern bites you but does no damage.
Unknown command.
You feel better. The wyvern bites you!
* * * LOW HITPOINT WARNING * * *
The orc wizard closely misses you. The ice beast barely misses you.
You feel better. The wyvern barely misses you.
The orc wizard hits you but does no damage.
The ice beast hits you but does no damage.
You block the wyvern's attack.
You hit the orc wizard. You freeze the orc wizard.
You kill the orc wizard!
You hit the wyvern. You freeze the wyvern. You closely miss the ice beast.
The wyvern barely misses you.
The ice beast hits you but does no damage.
The ice beast attacks as you move away! You block the ice beast's attack.
The wyvern hisses menacingly.
The wyvern bites you but does no damage.
Items here: )) [[.
The ice beast attacks as you move away! The ice beast closely misses you.
The wyvern attacks as you move away! The wyvern bites you!
You die...

....##########..#
....# #..## ....#
#...# ##### #...#
#...######
#).......#
#...)###.####
#..lY......<#
###@####.#### #.#
#.# #.# #.#
#.####.# #....#.#
####.#.# #.#.#
#.#.# #.#.#


You could see a wyvern and an ice beast.

Vanquished Creatures
  2 water moccasins
  An orc warrior (D:6)
  2 ogres
  A centaur (D:5)
  3 scorpions
  A gnoll sergeant (D:6)
  A howler monkey (D:5)
  5 hounds
  2 orc priests
  Natasha (D:2)
  3 orc wizards
  6 gnolls (D:6)
  5 adders
  2 shadow imps
  A white imp (D:3)
  2 ufetubi (D:6)
  2 worms
  6 dart slugs
  15 orcs
  4 endoplasms
  A giant cockroach (D:3)
  7 goblins
  6 hobgoblins
  6 quokkas
  5 ball pythons
  7 bats
  3 frilled lizards
  6 kobolds
  6 rats
112 creatures vanquished.

Vanquished Creatures (others)
  An iguana (D:4)
  4 fungi (D:3)
  3 plants
8 creatures vanquished.

Grand Total: 120 creatures vanquished

Notes
Turn   | Place    | Note
-------+----------+-------------------------------------------
     0 | D:1      | Dorkslayer the Hill Orc Fighter began the quest for the
                  | Orb.
     0 | D:1      | Reached XP level 1. HP: 19/19 MP: 1/1
   191 | D:1      | Reached XP level 2. HP: 27/27 MP: 2/2
   412 | D:1      | Reached XP level 3. HP: 33/33 MP: 3/3
   996 | D:2      | Found a faded altar of an unknown god.
  1319 | D:2      | Reached skill level 1 in Dodging
  1336 | D:2      | Reached XP level 4. HP: 32/40 MP: 4/4
  1522 | D:2      | Found Taasi Voce's Weapon Shop.
  1592 | D:2      | Noticed Natasha
  1603 | D:2      | Killed Natasha
  1723 | D:3      | Found a stormy altar of Qazlal.
  1727 | D:3      | Found a blossoming altar of Fedhas.
  1759 | D:3      | Found a radiant altar of Vehumet.
  1845 | D:3      | Reached XP level 5. HP: 44/47 MP: 5/5
  2142 | D:3      | Found a shimmering altar of Xom.
  2653 | D:4      | Reached XP level 6. HP: 46/53 MP: 6/6
  2689 | D:4      | Reached skill level 1 in Evocations
  2805 | D:4      | Reached skill level 5 in Fighting
  3124 | D:5      | Entered Level 5 of the Dungeon
  3357 | D:5      | Reached XP level 7. HP: 61/61 MP: 7/7
  3361 | D:5      | Reached skill level 5 in Axes
  3388 | D:5      | Found a glowing golden altar of the Shining One.
  3490 | D:5      | Reached skill level 5 in Armour
  3712 | D:5      | Reached skill level 1 in Throwing
  4072 | D:6      | Reached XP level 8. HP: 32/70 MP: 8/8
  4758 | D:7      | Noticed a wyvern
  4787 | D:6      | HP: 1/70 [ice beast (14)]
  4792 | D:6      | Slain by a wyvern

Illustrated notes

Levels and vault maps discovered:
D:1:      dpeg_arrival_boxes_within_box, layout_basic, serial_bayou_pond_b
D:2:      layout_loops_ring, nicolae_ecumenical_oubliette, serial_shops,
          nicolae_shop_trees, uniq_natasha
D:3:      layout_basic, grunt_temple_overflow_forces_of_nature,
          xom_teletrap_fun, vehumet_crystals
D:4:      layout_basic
D:5:      layout_gridville, nicolae_tso_carved_into_rock
D:6:      layout_basic
D:7:      layout_loops_ring, lemuel_temple_firewalk_b

Skill      XL: |  1  2  3  4  5  6  7  8 |
---------------+-------------------------+-----
Axes           | 3 4 5 6 |  6.2
Fighting       | 4 5 6 |  6.3
Dodging        | 1 2 3 |  3.3
Armour         | 4 5 |  5.8
Evocations     | 1 2 3 |  3.3
Shields        | 4 |  4.6
Throwing       | 1 2 |  2.3

Action                     |  1- 3 |  4- 6 |  7- 9 || total
---------------------------+-------+-------+-------++-------
  Melee: War axe           |   112 |   157 |   120 ||   389
         Hand axe          |       |       |     7 ||     7
  Throw: Boomerang         |       |       |     3 ||     3
  Evoke: Wand              |       |     1 |       ||     1
    Use: Scroll            |     1 |     5 |     4 ||    10
         Potion            |       |       |     9 ||     9
 Armour: Scale mail        |    53 |    85 |    41 ||   179
         Ring mail         |       |       |    40 ||    40
  Dodge: Dodged            |    64 |    67 |    94 ||   225
  Block: Buckler           |    28 |    30 |    45 ||   103

Table legend: (Time is in decaauts)
 A = Elapsed time spent in this place.
 B = Non-inter-level travel time spent in this place.
 C = Inter-level travel time spent in this place.
 D = Time resting spent in this place.
 E = Time spent auto-exploring this place.
 F = Levels seen in this place.
 G = Mean time per level.
                   A        B        C        D        E       F      G
               +--------+--------+--------+--------+--------+-----+--------+
         Total |   4899 |   4899 |      0 |      4 |   2650 |   7 |  699.9 |
       Dungeon |   4899 |   4899 |      0 |      4 |   2650 |   7 |  699.9 |
               +--------+--------+--------+--------+--------+-----+--------+

Top non-repeatable levels by time:
     D:2: 987 daAuts
     D:5: 916 daAuts
     D:3: 908 daAuts
     D:6: 764 daAuts
     D:1: 695 daAuts
     D:4: 621 daAuts
     D:7: 6 daAuts
